 Dungeon Crawl Stone Soup version 0.30-a0-912-ge10d75a369 (webtiles) character file.

Game seed: 436342973308738848

101 Grim the Conjurer (level 4, -5/24 HPs)
             Began as a Deep Elf Conjurer on Mar 19, 2023.
             Splashed by a jelly's acid (7 damage)
             ... on level 2 of the Dungeon.
             The game lasted 00:05:59 (2101 turns).

Grim the Conjurer (Deep Elf Conjurer)               Turns: 2101, Time: 00:06:00

Health: -5/24      AC:  3    Str:  6    XL:     4   Next: 48%
Magic:  7/11       EV: 12    Int: 23    God:
Gold:   115        SH:  0    Dex: 13    Spells: 3/9 levels left

rFire   . . .      SeeInvis .    j - +0 whip (freeze)
rCold   . . .      Faith    .    (no shield)
rNeg    . . .      Spirit   .    a - +0 robe
rPois   .          Reflect  .    (no helmet)
rElec   .          Rampage  .    (no cloak)
rCorr   .                        (no gloves)
Will    +....                    m - +0 pair of boots
Stlth   ++                       (no amulet)
HPRegen 0.24/turn                e - ring of willpower
MPRegen 0.12/turn                (no ring)

@: no status effects
A: no striking features
a: no special abilities


You were on level 2 of the Dungeon.
You visited 1 branch of the dungeon, and saw 2 of its levels.

You collected 115 gold pieces.

Inventory:

Hand Weapons
 j - a +0 whip of freezing (weapon)
Missiles
 i - 6 boomerangs
Armour
 a - a +0 robe (worn)
 m - a +0 pair of boots (worn)
Jewellery
 e - a ring of willpower (left hand)
Scrolls
 d - a scroll of vulnerability {unknown}
 g - 3 scrolls of fear {unknown}
 l - 2 scrolls of amnesia {unknown}
Potions
 b - a potion of magic
 c - 3 potions of degeneration {unknown}
 f - a potion of might {unknown}
 h - a potion of attraction {unknown}
 k - a potion of heal wounds {unknown}


   Skills:
 - Level 2.4 Dodging
 - Level 2.4 Stealth
 - Level 3.4 Spellcasting
 + Level 6.0 Conjurations
 + Level 2.3 Hexes


You had 3 spell levels left.
You knew the following spells:

 Your Spells              Type           Power      Damage    Failure   Level
a - Magic Dart            Conj           100%       1d8       1%          1
b - Searing Ray           Conj           62%        2d6       1%          2
c - Tukima's Dance        Hex            14%        N/A       13%         3

Your spell library contained the following spells:

 Spells                   Type           Power      Damage    Failure   Level
 Dazzling Flash           Conj/Hex       46%        N/A       6%          3
 Cigotuvi's Dreadful Rot  Necr/Pois/Air  6%         N/A       17%         2
 Scorch                   Fire           6%         2d5       17%         2
 Portal Projectile        Hex/Tloc       18%        N/A       21%         3
 Fulminant Prism          Conj/Hex       11%        3d8       21%         4
 Flame Wave               Conj/Fire      17%        2d7       32%         4
 Iskenderun's Mystic Bla  Conj/Tloc      17%        2d5       32%         4
 Dispel Undead            Necr           3%         3d7       73%         4
 Passage of Golubria      Tloc           3%         N/A       73%         4
 Silence                  Hex/Air        4%         N/A       88%         5
 Yara's Violent Unravell  Hex/Tmut       4%         3d4       88%         5
 Agony                    Necr           3%         N/A       97%         5
 Blade Hands              Tmut           1%         N/A       97%         5
 Death Channel            Necr           1%         N/A       100%        6
 Summon Cactus Giant      Summ           1%         N/A       100%        6


Dungeon Overview and Level Annotations

Branches:
Dungeon (2/15)

Altars:


Message History

The endoplasm is lightly wounded.
The jelly quivers.
The endoplasm hits you.
Things that are here:
a +0 club; a stone The endoplasm attacks as you move away!
The endoplasm hits you. The endoplasm attacks as you move away!
The endoplasm barely misses you. The endoplasm attacks as you move away!
The endoplasm closely misses you.
There is an open door here.
Aiming: Magic Dart (safe; 1% risk of failure)
Press: ? - help, Q - select action, (/) - cycle Shift-Dir - straight line, f/p - endoplasm
Aim: an endoplasm (lightly wounded, 100% to hit)
The magic dart hits the endoplasm.
The endoplasm is moderately wounded.
The endoplasm hits you.
Aiming: Magic Dart (safe; 1% risk of failure)
Press: ? - help, Q - select action, (/) - cycle Shift-Dir - straight line, f/p - endoplasm
Aim: an endoplasm (moderately wounded, 100% to hit)
The magic dart hits the endoplasm!
You kill the endoplasm!
You close the door.
You hear a slurping noise.
The jelly eats the door!
The jelly hits you but does no damage. The jelly attacks as you move away!
The jelly barely misses you. The jelly attacks as you move away!
The jelly closely misses you. The jelly attacks as you move away!
The jelly hits you but does no damage.
The jelly jiggles.
The jelly attacks as you move away! The jelly hits you.
You are splashed with acid!
* * * LOW HITPOINT WARNING * * *
There is an open gate here.
The jelly attacks as you move away! The jelly hits you.
* * * LOW HITPOINT WARNING * * *
You are splashed with acid!
* * * LOW HITPOINT WARNING * * *
The jelly attacks as you move away! The jelly hits you.
* * * LOW HITPOINT WARNING * * *
You are splashed with acid!
You die...

.(..###.######'''######
#...........))........#
#.#......######..##.#.##### ##
##.#......######...........# #.
...............#..##.#.###.#####.
##.......####.#J.##.#.# #.......
#.#...#.# #.#..##.#.# #######.
..#.#..##.# #.#J.##.#.# ######.
..........####.#@.##.#.# #......
..#.#..#..........##.#.####.####.
#.#..##.####.#.###...##........
#.#..##.##.........####.#.#####
#............#......# #.#.#####
#.##.##.##.###.#.#..# #.#.##...
#.##.##.##.###.#.#..# #.#.##...
#.##.............#..###.......#
#.########..##...#......#.##..#


You could see 2 jellies.

Vanquished Creatures
  2 adders (D:2)
  3 gnolls (D:2)
  2 bats (D:1)
  8 endoplasms
  6 goblins
  A hobgoblin (D:1)
  8 jackals
  8 kobolds
  A quokka (D:1)
  4 ball pythons (D:1)
  2 frilled lizards
  6 rats
51 creatures vanquished.

Vanquished Creatures (others)
  A fungus (D:2)
  8 toadstools (D:2)
9 creatures vanquished.

Grand Total: 60 creatures vanquished

Notes
Turn   | Place    | Note
-------+----------+-------------------------------------------
     0 | D:1      | Grim the Deep Elf Conjurer began the quest for the Orb.
     0 | D:1      | Reached XP level 1. HP: 10/10 MP: 6/6
   563 | D:1      | Reached XP level 2. HP: 15/15 MP: 6/8
   694 | D:1      | Reached skill level 5 in Conjurations
   757 | D:1      | Learned a level 2 spell: Searing Ray
  1024 | D:1      | Reached XP level 3. HP: 19/19 MP: 1/9
  1329 | D:2      | Learned a level 3 spell: Tukima's Dance
  1562 | D:2      | Reached skill level 1 in Hexes
  1752 | D:2      | Reached XP level 4. HP: 14/24 MP: 7/11
  2067 | D:2      | Reached skill level 6 in Conjurations
  2101 | D:2      | Splashed by a jelly's acid

Illustrated notes

Levels and vault maps discovered:
D:1:      kennysheep_arrival_forest, layout_basic, chequers_mini_garden
D:2:      cheibrodos_fertilizer, layout_loops_ring,
          hellmonk_ecumenical_altar_watching_god, uniq_crazy_yiuf_cottage

Skill      XL: |  1  2  3  4 |
---------------+-------------+-----
Conjurations   | 5 6 |  6.0
Hexes          | 1 2 |  2.3
Dodging        | |  2.4
Stealth        | |  2.4
Spellcasting   | |  3.4

Action                     |  1- 3 |  4- 6 || total
---------------------------+-------+-------++-------
  Melee: Unarmed           |     3 |       ||     3
         Whip              |     5 |       ||     5
   Cast: Magic Dart        |    62 |    17 ||    79
         Searing Ray       |     1 |     1 ||     2
 Armour: Robe              |     2 |     2 ||     4
  Dodge: Dodged            |     7 |     5 ||    12

Table legend: (Time is in decaauts)
 A = Elapsed time spent in this place.
 B = Non-inter-level travel time spent in this place.
 C = Inter-level travel time spent in this place.
 D = Time resting spent in this place.
 E = Time spent auto-exploring this place.
 F = Levels seen in this place.
 G = Mean time per level.
                   A        B        C        D        E       F      G
               +--------+--------+--------+--------+--------+-----+--------+
         Total |   2100 |   2094 |      6 |    936 |    912 |   2 | 1050.0 |
       Dungeon |   2100 |   2094 |      6 |    936 |    912 |   2 | 1050.0 |
               +--------+--------+--------+--------+--------+-----+--------+

Top non-repeatable levels by time:
     D:1: 1248 daAuts
     D:2: 851 daAuts
